 Dungeon Crawl Stone Soup version 0.30.1-4-g462c640d31 (webtiles) character file.

Game seed: 15303935086848686998

243 shadowmeld the Magician (level 6, 0/43 HPs)
             Began as a Djinni Fire Elementalist on Aug 28, 2023.
             Slain by a quasit (2 damage)
             ... summoned by Eustachio
             ... on level 3 of the Dungeon.
             The game lasted 00:18:07 (2293 turns).

shadowmeld the Magician (Djinni Fire Elementalist)  Turns: 2293, Time: 00:18:07

Health: 0/43       AC:  2    Str:  7      XL:     6   Next: 31%
Gold:   258        EV: 11    Int: 18      God:
                   SH:  3    Dex: 13 (14)

rFire   + + .        (no weapon)
rCold   x . .        d - +0 buckler
rNeg    . . .        a - +0 robe
rPois   ∞            (no helmet)
rElec   .            (no cloak)
rCorr   .            (no gloves)
SInv    .            (boots unavailable)
Will    .....        (no amulet)
Stlth   ++           (no ring)
HPRegen 0.27/turn    (no ring)
MPRegen 0.00/turn

%: infuse magic (-1 HP)
@: mighty, flying
A: sickness immunity, fire resistance 2, cold vulnerability 1, float, innate
caster, HP casting, extra vitality 1
a: no special abilities


You were on level 3 of the Dungeon.
You visited 1 branch of the dungeon, and saw 4 of its levels.

You collected 258 gold pieces.

Inventory:

Armour
 a - a +0 robe (worn)
 d - a +0 buckler (worn)
Scrolls
 c - 2 scrolls of enchant armour
 e - a scroll of enchant weapon {unknown}
 g - 2 scrolls of vulnerability
 h - a scroll of silence {unknown}
 k - a scroll of noise {unknown}
 l - 2 scrolls of magic mapping
Potions
 b - a potion of ambrosia {unknown}
 f - a potion of haste {unknown}
 m - a potion of attraction {unknown}


   Skills:
 * Level 1.7 Fighting
 + Level 2.5 Dodging
 - Level 1.5 Stealth
 + Level 0.1 Unarmed Combat
 * Level 4.7 Spellcasting


You knew the following spells:

 Your Spells              Type           Power      Damage    Failure   Level
a - Foxfire               Conj/Fire      84%        2x1d8     3%          1
b - Scorch                Fire           42%        2d6       4%          2
c - Volatile Blastmotes   Fire/Tloc      42%        2d13      10%         3
d - Inner Flame           Hex/Fire       21%        N/A       10%         3
e - Flame Wave            Conj/Fire      21%        2d8       32%         4
f - Slow                  Hex            84%        N/A       3%          1
g - Ensorcelled Hibernat  Hex/Ice        42%        N/A       4%          2
Your spell library was empty.

Dungeon Overview and Level Annotations

Branches:
Dungeon (4/15)
 Temple: D:4-7

Altars:
Makhleb
Trog

Annotations:
D:3 Eustachio
D:4 Dowan, Duvessa


Innate Abilities, Weirdness & Mutations

You are immune to sickness and miasma.
You are immune to poison.
Your flesh is very heat resistant. (rF++)
You are vulnerable to cold. (rC-)
You float through the air rather than walking.
You learn spells naturally, not from books.
Your magical power is your life essence.
You have superior vitality. (+4 MHP)


Message History

The river rat is almost dead.
The river rat's fire resistance burns away.
Eustachio hits you with a +0 rapier.
* * * LOW HITPOINT WARNING * * *
The river rat closely misses you.
Casting: Scorch (safe; 4% risk of failure)
Confirm with . or Enter, or press ? or * to list all spells.
Flames lash the river rat.
The river rat is burned terribly!
You kill the river rat!
The river rat's corpse disappears in a puff of smoke!
* * * LOW HITPOINT WARNING * * *
Eustachio closely misses you. The rat barely misses you.
Casting: Scorch (safe; 4% risk of failure)
Confirm with . or Enter, or press ? or * to list all spells.
Flames lash the rat.
You kill the rat!
The rat's corpse disappears in a puff of smoke!
* * * LOW HITPOINT WARNING * * *
Eustachio barely misses you.
You feel very mighty all of a sudden. You block Eustachio's attack.
You closely miss Eustachio.
Eustachio is lightly wounded.
Eustachio is no longer more vulnerable to fire.
Eustachio gestures wildly while chanting.
You miss Eustachio.
Eustachio is lightly wounded.
The ufetubus closely misses you. The ufetubus hits you.
* * * LOW HITPOINT WARNING * * *
Eustachio mumbles some strange words.
You hit Eustachio.
Eustachio is moderately wounded.
The ufetubus disappears in a puff of smoke!
The white imp disappears in a puff of smoke!
The quasit bites you.
* * * LOW HITPOINT WARNING * * *
You feel clumsy.
The quasit claws you but does no damage.
The quasit claws you.
You die...

####..####.##.# #.#
.........>.##.#######.##
####..#####............#
......# #.#.#######..#
#####.# #.#.# #..# #.#
#...# #####..# ##.##
#..## #......#
#...####..####.####.#
#.#.##......5@§...#.#
#...##.#####@5......#
#.####.# #.5....### #.#
#.# #......# #.# #.#
#......# #.#
#.#####.##.### #.#
#.......##.# #.#
####.#####.#
###.#######.# #.#


You could see Eustachio, a quasit (summoned), a crimson imp (summoned) and an
ufetubus (summoned).

Vanquished Creatures
  An ogre (D:3)
  A howler monkey (D:4)
  A hound (D:4)
  A gnoll (D:1)
  2 adders (D:3)
  2 worms
  A dart slug (D:3)
  8 bats
  10 endoplasms
  3 giant cockroaches
  5 goblins
  5 hobgoblins
  2 quokkas
  4 ball pythons
  A frilled lizard (D:2)
  5 kobolds
  3 rats
55 creatures vanquished.

Vanquished Creatures (others)
  152 foxfires
152 creatures vanquished.

Grand Total: 207 creatures vanquished

Notes
Turn   | Place    | Note
-------+----------+-------------------------------------------
     0 | D:1      | shadowmeld the Djinni Fire Elementalist began the quest for
                  | the Orb.
     0 | D:1      | shadowmeld set off with the following spells memorised:
                  | Foxfire, Scorch, Volatile Blastmotes, Inner Flame, Flame
                  | Wave.
     0 | D:1      | Reached XP level 1. HP: 15/15 MP: 0/0
     6 | D:1      | Noticed a komodo dragon
     6 | D:1      | Noticed a servant of whispers
     7 | D:1      | Noticed a stone giant
   327 | D:1      | Reached XP level 2. HP: 21/22 MP: 0/0
   562 | D:1      | Reached skill level 1 in Fighting
   701 | D:1      | Reached XP level 3. HP: 22/27 MP: 0/0
   701 | D:1      | Learned a level 1 spell: Slow
   719 | D:1      | Reached skill level 3 in Spellcasting
  1285 | D:2      | Reached XP level 4. HP: 31/32 MP: 0/0
  1652 | D:3      | Found a burning altar of Makhleb.
  1687 | D:3      | Found a bloodstained altar of Trog.
  1958 | D:3      | Noticed an ogre
  1973 | D:3      | Killed an ogre
  1974 | D:3      | Reached skill level 4 in Spellcasting
  1974 | D:3      | Reached XP level 5. HP: 30/37 MP: 0/0
  1974 | D:3      | Learned a level 2 spell: Ensorcelled Hibernation
  2208 | D:4      | Reached XP level 6. HP: 34/43 MP: 0/0
  2268 | D:4      | Noticed Dowan
  2272 | D:4      | Noticed Duvessa
  2276 | D:4      | Noticed Eustachio
  2293 | D:3      | HP: 2/43 [quasit[Eustachio] (1)]
  2293 | D:3      | Slain by a quasit

Illustrated notes

Levels and vault maps discovered:
D:1:      onia_arrival_zoo_common, layout_basic, item_on_display_a
D:2:      layout_loops_ring
D:3:      layout_loops_ring, mainiacjoe_overflow_catch_the_wave
D:4:      layout_rooms, uniq_duvessa, uniq_eustachio

Skill      XL: |  1  2  3  4 |
---------------+-------------+-----
Fighting       | 1 |  1.7
Spellcasting   | 3 4 |  4.7
Dodging        | |  2.5
Stealth        | |  1.5
Unarmed Combat | |  0.1

Action                     |  1- 3 |  4- 6 || total
---------------------------+-------+-------++-------
  Melee: Unarmed           |     5 |     3 ||     8
   Cast: Foxfire           |    53 |    50 ||   103
         Scorch            |     5 |    14 ||    19
    Use: Scroll            |       |     5 ||     5
         Potion            |       |     2 ||     2
 Armour: Robe              |     3 |     5 ||     8
  Dodge: Dodged            |    12 |     8 ||    20
  Block: Buckler           |     2 |     1 ||     3
